 Dungeon Crawl Stone Soup version 0.26-a0-844-g3dd439832f (webtiles) character file.

Game seed: 5245949923269910030

58861 dickylongcocking the Severer (level 14, -3/118 HPs)
             Began as a Palentonga Fighter on Nov 18, 2020.
             Was a High Priest of Hepliaklqana.
             Slain by a swamp worm (13 damage)
             ... on level 3 of the Lair of Beasts.
             The game lasted 00:19:14 (20190 turns).

dickylongcocking the Severer (Palentonga Fighter)  Turns: 20190, Time: 00:19:14

Health: -3/118     AC: 21    Str: 23    XL:     14   Next: 51%
Magic:  20/20      EV:  7    Int: 12    God:    Hepliaklqana [*****.]
Gold:   1011       SH: 19    Dex: 13    Spells: 13/13 levels left

rFire    . . .     SeeInvis +   A - +2 broad axe
rCold    . . .     Faith    .   R - +1 kite shield {AC+3}
rNeg     . . .     Spirit   .   b - +0 scale mail
rPois    +         Reflect  +   U - +1 hat {Int+3}
rElec    .         Harm     .   (no cloak)
rCorr    .         Rampage  .   (no gloves)
MR       +....                  (no barding)
Stlth    ..........             q - amulet of reflection
HPRegen  0.29/turn              r - +4 ring of protection
MPRegen  0.17/turn              o - ring of poison resistance

@: berserk cooldown, slowed, curled up, very slow
A: large, reduced essence, antennae 1, rugged brown scales 3, see invisible,
agile 1, deformed body, roll 1, armoured tail, reflexive curl
a: Rolling Charge, Recall Ancestor, Ancestor Identity, Transference, Idealise,
Renounce Religion


You were on level 3 of the Lair of Beasts.
You worshipped Hepliaklqana.
Hepliaklqana was extremely pleased with you.
You visited 3 branches of the dungeon, and saw 18 of its levels.

You collected 1195 gold pieces.
You spent 184 gold pieces at shops.

Inventory:

Hand Weapons
 a - a +0 war axe
 A - a +2 broad axe (weapon)
 B - a +2 whip of electrocution
Armour
 b - a +0 scale mail (worn)
 c - a +0 kite shield
 d - a +0 helmet
 v - a +0 tower shield
 R - a +1 kite shield of protection (worn)
 U - a +1 hat of intelligence (worn)
Jewellery
 h - a cursed ring of teleportation
 o - a ring of poison resistance (right hand)
 q - an amulet of reflection (around neck)
 r - a +4 ring of protection (left hand)
 z - a cursed -4 ring of strength
 D - an uncursed amulet of regeneration
 E - the amulet "Vyinud" {Spirit *Corrode rC- Str+8 Slay+2}
   (You found it on level 9 of the Dungeon)

   [amulet of guardian spirit]

   It causes incoming damage to be split between your health and magic.
   It affects your strength (+8).
   It affects your accuracy and damage with ranged weapons and melee attacks
   (+2).
   It makes you vulnerable to cold.
   It may corrode you when you take damage.
 G - an uncursed ring of flight
 N - an uncursed ring of ice
 W - a +6 ring of strength
Wands
 t - a wand of random effects (18)
 u - a wand of paralysis (6)
 w - a wand of polymorph (12)
 C - a wand of iceblast (30)
 H - a wand of enslavement (11)
 J - a wand of disintegration (13)
 P - a wand of flame (69)
Scrolls
 e - 7 scrolls of teleportation
 g - 5 scrolls of immolation
 i - 5 scrolls of amnesia
 j - a scroll of fog
 k - a scroll of enchant armour
 l - 3 scrolls of magic mapping
 n - 9 scrolls of remove curse
 p - a scroll of blinking
 s - 3 scrolls of random uselessness
 M - a scroll of vulnerability
 O - 4 scrolls of identify
 V - 3 scrolls of torment
Potions
 m - 2 potions of flight
 x - a potion of heal wounds {unknown}
 F - a potion of ambrosia
 I - 4 potions of haste
 K - a potion of brilliance
 L - a potion of degeneration
 Q - 2 potions of berserk rage
 S - 2 potions of attraction
 T - a potion of cancellation
 X - a potion of magic {unknown}
Miscellaneous
 y - a phantom mirror


   Skills:
 * Level 10.5 Fighting
 * Level 16.7 Axes
 - Level 2.4 Armour
 * Level 11.2 Shields
 * Level 8.9 Invocations


You had 13 spell levels left.
You didn't know any spells.
Your spell library contained the following spells:

 Spells                   Type           Power        Failure   Level
 Beastly Appendage        Tmut           #.....       63%         1
 Corona                   Hex            #......      63%         1
 Magic Dart               Conj           #...         63%         1
 Blink                    Tloc           N/A          77%         2
 Call Imp                 Summ           #.......     77%         2
 Ensorcelled Hibernation  Hex/Ice        #.....       77%         2
 Slow                     Hex            #.......     77%         2
 Wereblood                Tmut           #.......     77%         2
 Confusing Touch          Hex            #.......     94%         3
 Conjure Flame            Conj/Fire      #.......     94%         3
 Dazzling Flash           Conj/Hex       #.....       94%         3
 Mephitic Cloud           Conj/Pois/Air  #.......     94%         3
 Spider Form              Tmut/Pois      #.........   94%         3
 Tukima's Dance           Hex            #.......     94%         3
 Ice Form                 Ice/Tmut       #.......     100%        4
 Blade Hands              Tmut           #.........   100%        5


Dungeon Overview and Level Annotations

Branches:
Dungeon (14/15)            Temple (1/1) D:5            Lair (3/6) D:11
  Snake (0/4) Lair:2          Orc (0/2) D:10         Vaults (0/5) D:13
  Swamp: Lair:2-4    Shoals: Lair:2-4

Altars:
Ashenzari
Cheibriados
Dithmenos
Elyvilon
Fedhas
Gozag
Hepliaklqana
Kikubaaqudgha
Makhleb
Nemelex Xobeh
Okawaru
Qazlal
Ru
Sif Muna
Trog
Uskayaw
Vehumet
Wu Jian
Xom
Yredelemnul
Zin
The Shining One

Shops:
D:4 *   D:8 (

Portals:
Bazaar: D:13

Annotations:
D:3 1 runed translucent door, Frask's ghost, amateur HOFE
D:13 1 runed translucent door, Sun's ghost, journeyman DgFi
Lair:3 2 runed translucent doors


Innate Abilities, Weirdness & Mutations

You are completely covered in rugged brown scales. (AC +3, +7% HP)
You have supernaturally acute eyesight. (SInv)
Armour fits poorly on your strangely shaped body.
You can roll at nearby foes to attack.
You have a long armoured tail.
You curl defensively after being hit.
Your life essence is reduced to manifest your ancestor. (-10% HP)
You have a pair of small antennae on your head.
You are agile. (Dex +2)


Message History

The swamp worm is severely wounded.
The swamp worm fires a harpoon shot at you.
The harpoon shot hits you.
* * * LOW HITPOINT WARNING * * *
You are yanked forward by the harpoon shot.
Found a stone staircase leading down.
Found a runed translucent gate.
Unknown command.
Unknown command.
Unknown command.
You hit the swamp worm.
The swamp worm is severely wounded.
You block the swamp worm's attack.
Unknown command.
You hit the swamp worm but do no damage.
You tail-slap the swamp worm.
The swamp worm is almost dead.
The swamp worm bites you.
* * * LOW HITPOINT WARNING * * *
The swamp worm bites you!
You die...

♣..................
≈≈≈≈≈♣....#......♣♣♣♣♣♣♣
≈≈≈P≈#......♣♣♣♣♣♣♣
P≈≈≈≈#....♣♣♣≈≈≈≈≈♣≈≈
PP≈≈PP≈≈≈.!..⌠.........♣
≈≈≈P≈≈≈P≈....⌠...♣.♣.♣...
≈≈.≈≈≈≈P≈P....♣♣♣≈≈≈≈
P≈.....≈P#.†w...♣♣♣♣♣♣
...........@.#.. ♣♣♣
.....!.......##. ....#
................. ....#
................. #....
..................# #...
..............?...# #..
...............>..+ #..
..................+ #..
#.#...#.#...... #.


You could see a swamp worm.

Vanquished Creatures
  Gastronok (Lair:2)
  Fannar (D:11)
  3 hydras (Lair:1)
  A boulder beetle (D:12)
  A vault guard (D:13)
  2 two-headed ogres
  The ghost of Eryximachus the Destroyer, a journeyman OpCj of Gozag (Lair:1)
  2 centaur warriors (D:13)
  3 death yaks (D:11)
  Nergalle (D:11)
  An unseen horror (D:10)
  A bog body (Lair:3)
  A cyclops (D:13)
  2 ugly things
  An oklob plant (Lair:3)
  A black mamba (Lair:1)
  A cane toad (Lair:3)
  Psyche (D:9)
  3 centaur skeletons
  3 gargoyles
  A freezing wraith (D:13)
  A kobold demonologist (D:9)
  5 komodo dragons
  2 trolls
  A polar bear (Lair:2)
  A hornet (D:13)
  15 blink frogs
  A shadow (D:10)
  A wraith (D:13)
  A wyvern (Lair:2)
  3 vampires
  7 humans (D:13)
  30 yaks
  A hog (shapeshifter) (D:13)
  A basilisk (Lair:1)
  2 steam dragons
  2 swamp worms (Lair:3)
  An acid dragon (D:11)
  10 water moccasins
  3 ice beasts
  A sky beast (D:13)
  3 orc warriors
  A necrophage (D:6)
  A phantom (D:10)
  4 ogres
  An eye of draining (D:12)
  7 wolves (Lair:3)
  6 centaurs
  Blork the orc (D:4)
  8 big kobolds
  8 bullfrogs
  A wyvern skeleton (D:7)
  A water moccasin zombie (D:8)
  A scorpion (D:4)
  11 killer bees
  A troll zombie (D:10)
  An electric eel (Lair:1)
  4 quasits
  6 orc priests
  3 jellies
  2 bullfrog skeletons
  4 hounds
  11 orc wizards
  2 iguanas
  6 worker ants
  2 killer bee zombies
  3 ogre zombies (D:10)
  2 human simulacra (D:11)
  A hound zombie (D:5)
  2 hound skeletons
  A worker ant zombie (D:11)
  3 gnolls (D:3)
  21 adders
  A shadow imp (D:9)
  3 white imps
  2 ufetubi
  2 adder zombies
  3 adder skeletons
  A worm (D:3)
  2 dart slugs (D:1)
  3 leopard geckos
  44 orcs
  A ball python (D:5)
  5 giant cockroaches
  5 goblins
  5 hobgoblins
  10 jackals
  6 quokkas
  3 frilled lizards
  A goblin zombie (D:10)
  A jackal zombie (D:5)
  34 kobolds
  7 kobold skeletons (D:9)
  7 kobold zombies (D:9)
  6 orc skeletons (D:10)
  11 orc zombies (D:10)
  A quokka skeleton (D:4)
  A quokka zombie (D:5)
  8 rats
423 creatures vanquished.

Vanquished Creatures (collateral kills)
  2 vault guards (D:13)
  A hydra (D:11)
  A centaur warrior (D:13)
  A death knight (D:13)
  An unseen horror (D:12)
  A skeletal warrior (D:13)
  An oklob plant (Lair:3)
  A cyclops (D:12)
  A centaur zombie (D:12)
  A komodo dragon (Lair:3)
  2 trolls (D:10)
  2 hornets
  2 blink frogs (Lair:1)
  2 wraiths (D:13)
  A wyvern (D:11)
  2 yaks
  A human (D:13)
  3 water moccasins
  2 orc warriors
  A sky beast (D:6)
  3 centaurs
  A necrophage (D:11)
  2 ogres (D:8)
  A phantom (D:10)
  2 wolves (Lair:3)
  2 big kobolds (D:9)
  2 bullfrogs
  8 killer bees
  3 orc priests
  5 orc wizards
  An iguana (D:11)
  2 ogre zombies (D:10)
  2 adders
  A gnoll (D:3)
  A shadow imp (D:9)
  A white imp (D:6)
  An adder skeleton (D:9)
  3 leopard geckos
  9 orcs
  A giant cockroach (D:5)
  A goblin (D:3)
  A hobgoblin (D:2)
  A jackal (D:7)
  A quokka (D:11)
  A bat (D:2)
  2 frilled lizards
  9 kobolds
  2 kobold skeletons (D:9)
  2 kobold zombies (D:9)
  An orc zombie (D:10)
101 creatures vanquished.

Vanquished Creatures (others)
  A human (D:13)
  2 knights
  2 ancestors
  A hobgoblin (D:1)
  13 fungi
  25 plants
  2 withered plants (D:3)
46 creatures vanquished.

Grand Total: 570 creatures vanquished

Notes
Turn   | Place    | Note
-------+----------+-------------------------------------------
     0 | D:1      | dickylongcocking the Palentonga Fighter began the quest for
                  | the Orb.
     0 | D:1      | Reached XP level 1. HP: 20/20 MP: 1/1
    82 | D:1      | Reached XP level 2. HP: 27/27 MP: 2/2
   623 | D:2      | Reached skill level 3 in Axes
   635 | D:2      | Reached XP level 3. HP: 26/33 MP: 3/3
   861 | D:2      | Found a hazy altar of Hepliaklqana.
   870 | D:2      | Became a worshipper of Hepliaklqana the Forgotten
   932 | D:2      | Reached skill level 4 in Axes
  1154 | D:2      | Found a white marble altar of Elyvilon.
  1417 | D:2      | Reached XP level 4. HP: 29/36 MP: 4/4
  1708 | D:3      | Reached skill level 5 in Axes
  1714 | D:3      | Reached XP level 5. HP: 32/43 MP: 5/5
  2020 | D:3      | Reached skill level 6 in Axes
  2484 | D:3      | Reached XP level 6. HP: 34/49 MP: 6/6
  2720 | D:3      | Found a runed translucent door.
  2720 | D:3      | Noticed Frask's ghost (amateur HOFE)
  2894 | D:3      | Reached skill level 7 in Axes
  3007 | D:3      | Noticed a moth of wrath
  3008 | D:3      | Reached * piety under Hepliaklqana
  3010 | D:3      | Found a bloodstained altar of Trog.
  3177 | D:4      | Found a broken altar of Ashenzari.
  3184 | D:4      | Found a blossoming altar of Fedhas.
  3228 | D:4      | Found a basalt altar of Yredelemnul.
  3661 | D:4      | Gained mutation: You curl defensively after being hit.
                  | [Palentonga growth]
  3661 | D:4      | Reached XP level 7. HP: 48/55 MP: 7/7
  3776 | D:4      | Reached skill level 8 in Axes
  3837 | D:4      | Noticed Blork the orc
  3846 | D:4      | Killed Blork the orc
  4133 | D:4      | Found Exzuzikeeco's Assorted Antiques.
  4138 | D:4      | Bought a coral ring for 115 gold pieces
  4144 | D:4      | Bought a scroll labelled CELIYM ZOEF for 23 gold pieces
  4144 | D:4      | Bought a scroll labelled IKEDISH ESUJIA for 23 gold pieces
  4144 | D:4      | Bought a scroll labelled CEPSYH UCH for 23 gold pieces
  4310 | D:4      | Found a shadowy altar of Dithmenos.
  4317 | D:4      | Found a bloodstained altar of Trog.
  4322 | D:4      | Found an opulent altar of Gozag.
  4347 | D:5      | Entered Level 5 of the Dungeon
  4469 | D:5      | Reached skill level 9 in Axes
  4471 | D:5      | Reached ** piety under Hepliaklqana
  4625 | D:5      | Found a staircase to the Ecumenical Temple.
  4669 | D:5      | Found a bloodstained altar of Trog.
  4671 | D:5      | Found a blossoming altar of Fedhas.
  4671 | D:5      | Found an iron altar of Okawaru.
  4673 | D:5      | Found a bloodstained altar of Trog.
  4673 | D:5      | Found a shimmering altar of Xom.
  4673 | D:5      | Found a glowing golden altar of the Shining One.
  5093 | D:6      | Reached XP level 8. HP: 50/61 MP: 8/8
  5406 | D:6      | Found a white marble altar of Elyvilon.
  5406 | D:6      | Found a glowing golden altar of the Shining One.
  5663 | D:6      | Reached *** piety under Hepliaklqana
  5876 | Temple   | Entered the Ecumenical Temple
  6239 | D:6      | Found a burning altar of Makhleb.
  6453 | D:6      | Found a stormy altar of Qazlal.
  6672 | D:7      | Reached skill level 10 in Axes
  7121 | D:7      | You fall into a shaft and drop 2 floors!
  7121 | D:9      | Noticed Psyche
  7133 | D:9      | Killed Psyche
  7134 | D:9      | Reached skill level 5 in Shields
  7134 | D:9      | Reached XP level 9. HP: 59/66 MP: 7/9
  7136 | D:9      | Remembered your ancestor Zayda as a knight
  7317 | D:9      | You fall into a shaft and drop 3 floors!
  7347 | D:11     | Noticed a gargoyle
  7352 | D:11     | Reached **** piety under Hepliaklqana
  7357 | D:11     | Killed a gargoyle
  7357 | D:11     | Noticed a six-headed hydra
  7366 | D:11     | Killed a six-headed hydra
  7367 | D:11     | Reached skill level 11 in Axes
  7425 | D:10     | Entered Level 10 of the Dungeon
  7425 | D:10     | Noticed a troll
  7439 | D:10     | HP: 3/66 [troll (1)]
  7439 | D:10     | Killed a troll
  7548 | D:9      | Got a scintillating ivory amulet
  7580 | D:9      | Reached skill level 12 in Axes
  7658 | D:9      | Reached XP level 10. HP: 49/74 MP: 10/10
  8286 | D:7      | Found a glowing golden altar of the Shining One.
  8843 | D:8      | Identified the amulet "Vyinud" {Spirit *Corrode rC- Str+8
                  | Slay+2} (You found it on level 9 of the Dungeon)
  8890 | D:8      | Found a shimmering blue altar of Sif Muna.
  9431 | D:8      | Found Tigamp's Antique Weapon Emporium.
  9901 | D:9      | Found an ancient bone altar of Kikubaaqudgha.
 10232 | D:10     | Reached skill level 5 in Fighting
 10476 | D:10     | Noticed a gargoyle
 10485 | D:10     | Killed a gargoyle
 10486 | D:10     | Reached skill level 13 in Axes
 10584 | D:10     | Reached XP level 11. HP: 79/85 MP: 11/11
 10689 | D:10     | Noticed an unseen horror
 10700 | D:10     | Killed an unseen horror
 10808 | D:10     | Found a staircase to the Orcish Mines.
 11164 | D:10     | Noticed a two-headed ogre
 11169 | D:10     | Killed a two-headed ogre
 11640 | D:11     | Identified the +2 plate armour of Follow the Leader {rElec
                  | Int+3}
 11666 | D:11     | Noticed Fannar
 11671 | D:11     | Noticed a green ugly thing
 11683 | D:11     | Noticed a death yak
 11708 | D:11     | Killed a death yak
 11709 | D:11     | Reached skill level 1 in Invocations
 11710 | D:11     | Killed a green ugly thing
 12051 | D:11     | Found a staircase to the Lair.
 12168 | D:11     | Killed Fannar
 12391 | D:11     | Noticed a death yak
 12412 | D:11     | Killed a death yak
 12416 | D:11     | Noticed a death yak
 12435 | D:11     | Killed a death yak
 12471 | D:11     | Noticed Nergalle
 12474 | D:11     | Gained mutation: Your body sometimes deteriorates upon
                  | taking damage. [potion of mutation]
 12474 | D:11     | Gained mutation: You have a pair of small horns on your
                  | head. [potion of mutation]
 12494 | D:11     | Killed Nergalle
 13203 | D:12     | Reached ***** piety under Hepliaklqana
 13220 | D:12     | Reached XP level 12. HP: 97/97 MP: 15/15
 13800 | D:12     | Reached skill level 14 in Axes
 13927 | D:12     | Reached skill level 15 in Axes
 13927 | D:12     | Reached XP level 13. HP: 101/103 MP: 10/16
 13932 | D:12     | Reached skill level 5 in Invocations
 14691 | D:13     | Reached skill level 10 in Shields
 15124 | D:13     | Found a runed translucent door.
 15124 | D:13     | Noticed Sun's ghost (journeyman DgFi)
 15394 | D:13     | Reached skill level 16 in Axes
 16060 | D:13     | Found a gate to the Vaults.
 16436 | D:13     | Found a gateway to a bazaar.
 16609 | Lair:1   | Entered Level 1 of the Lair of Beasts
 16844 | Lair:1   | Found a runed translucent gate.
 16844 | Lair:1   | Found a runed translucent gate.
 16844 | Lair:1   | Found a runed translucent gate.
 16845 | Lair:1   | Noticed Eryximachus's ghost (journeyman OpCj)
 17360 | Lair:1   | Reached XP level 14. HP: 115/115 MP: 19/19
 17690 | Lair:1   | Killed Eryximachus's ghost
 17704 | Lair:1   | Lost mutation: You have a pair of small horns on your head.
                  | [potion of mutation]
 17704 | Lair:1   | Lost mutation: Your body sometimes deteriorates upon taking
                  | damage. [potion of mutation]
 17704 | Lair:1   | Gained mutation: You have a pair of small antennae on your
                  | head. [potion of mutation]
 17704 | Lair:1   | Gained mutation: You are agile. (Dex +2) [potion of
                  | mutation]
 18448 | Lair:2   | Reached skill level 10 in Fighting
 18451 | Lair:2   | Noticed Gastronok
 18467 | Lair:2   | Killed Gastronok
 18608 | Lair:2   | Found a staircase to the Snake Pit.
 20183 | Lair:3   | HP: 4/118 [swamp worm/harpoon shot (11)]
 20188 | Lair:3   | Found a runed translucent gate.
 20188 | Lair:3   | Found a runed translucent gate.
 20190 | Lair:3   | Slain by a swamp worm

Illustrated notes

Levels and vault maps discovered:
D:1:      lightli_molten_gateway, layout_rooms, roderic_lattice_a,
          lemuel_flame_loot_1
D:2:      cheibrodos_helix_gallery, layout_basic, old_standard_altar,
          kennysheep_another_room, elyvilon_altar_5
D:3:      layout_loops_cross, gammafunk_ghost_grave, dk_noncrumbling_2, tgw_trog
D:4:      layout_gridville, minmay_overflow_temple_star_quad,
          yredelemnul_altar_generic, amethyst_overflow_temple_binary,
          serial_shops, shop, uniq_blork_the_orc
D:5:      layout_basic, minmay_temple_entry_from_below_a, minmay_misc_feat_five,
          doesnt_xom_only_xom
D:6:      layout_layer_cave, makhleb_blood_cavern_becter,
          general_overflow_altar, grunt_temple_overflow_open,
          roderic_three_in_a_row, hangedman_abyss_or_decor_jellyfish_corner
D:7:      layout_gridville, nicolae_ossuary_entry_monument, tso_altar
D:8:      layout_basic, lemuel_round_altar, serial_aquarium,
          aquarium_bridge_square [aquarium_subvault_wall,
          aquarium_subvault_bridge, aquarium_subvault_wall,
          aquarium_subvault_bridge], aquarium_bridge_long_separate
          [aquarium_subvault_bridge, aquarium_subvault_bridge,
          aquarium_subvault_wall, aquarium_subvault_bridge,
          aquarium_subvault_wall, aquarium_subvault_bridge],
          aquarium_window_double, aquarium_window_fake, aquarium_window_fake,
          aquarium_window_3, aquarium_view_2d, aquarium_balcony_double_4,
          aquarium_pool_2, serial_shops, nicolae_shop_stone
D:9:      wander_kiku_kobolds, layout_stronghold, uniq_psyche
D:10:     layout_loops_ring, zombieorc1_lemuel
D:11:     minmay_the_grid_square_5x5_3x3
          [minmay_the_grid_square_5x5_almost_minimal,
          minmay_the_grid_square_5x5_tetrominoes,
          minmay_the_grid_square_5x5_trominoes,
          minmay_the_grid_square_5x5_three_walls,
          minmay_the_grid_square_5x5_megaprize_hollow,
          minmay_the_grid_square_5x5_hourglass,
          minmay_the_grid_square_5x5_lines,
          minmay_the_grid_square_5x5_half_checkered,
          minmay_the_grid_square_5x5_misaligned], layout_loops_ring,
          dpeg_lair_monsters, bh_circular_ruins, uniq_fannar, uniq_nergalle
D:12:     layout_layer_cave, minmay_misc_feat_square
D:13:     layout_irregular_city, ximxim_vaults_locker_room, serial_shops,
          statue_bzr, hellmonk_ghost_happy_afterlife, drop_trap
D:14:     minmay_blocky_corners, layout_cave_pools, minmay_crystal_water,
          nicolae_ru_sacrificial_ziggurat, uniq_roxanne
Temple:   jpeg_temple_island
Lair:1:   layout_regular_city, serial_rivers, chequers_serial_rivers_room_a,
          chequers_serial_rivers_small_a, chequers_serial_rivers_micro_a,
          chequers_serial_rivers_large_a, gammafunk_ghost_hydra_chop,
          nicolae_quartered_pool_little
Lair:2:   layout_regular_city, minmay_snake_entry_six_corridors, uniq_gastronok
Lair:3:   layout_regular_city, nicolae_swamp_entry_splash_gauntlet,
          gammafunk_ghost_hydra_chop, serial_bayou_shore_a,
          minmay_lair_oklob_chamber

Skill      XL: |  1  2  3  4  5  6  7  8  9 10 11 12 13 14 |
---------------+-------------------------------------------+-----
Axes           | 3 4 5 6 7 9 10 12 13 15 16 | 16.7
Shields        | 5 7 8 9 10 11 | 11.2
Fighting       | 5 7 8 9 10 | 10.5
Invocations    | 4 7 8 |  8.9
Armour         | |  2.4

Action                   |  1- 3 |  4- 6 |  7- 9 | 10-12 | 13-15 || total
-------------------------+-------+-------+-------+-------+-------++-------
Melee: War axe           |    56 |   117 |   122 |       |       ||   295
       Tailslap          |     6 |    10 |    31 |    84 |    78 ||   209
       Broad axe         |       |       |    52 |   458 |   381 ||   891
       Whip              |       |       |    34 |       |    23 ||    57
       Headbutt          |       |       |       |    21 |    53 ||    74
Invok: Recall Ancestor   |       |     1 |     3 |       |     2 ||     6
       Ancestor Life: Kn |       |       |     1 |       |       ||     1
       Idealise          |       |       |       |     1 |     2 ||     3
 Abil: Rolling Charge    |     9 |    19 |     7 |     2 |     6 ||    43
Evoke: Wand              |       |       |     3 |     3 |    20 ||    26
  Use: Scroll            |       |       |    17 |     8 |     9 ||    34
       Potion            |       |       |     5 |     9 |     4 ||    18
 Stab: Distracted        |     1 |       |     1 |     6 |     4 ||    12
       Paralysed         |       |       |     3 |       |       ||     3
Armor: Scale mail        |    25 |    42 |    96 |   167 |   112 ||   442
       Skin              |       |       |     2 |    21 |       ||    23
Dodge: Dodged            |    19 |    26 |    26 |    76 |    72 ||   219
Block: Kite shield       |    25 |    42 |    43 |       |   179 ||   289
       Tower shield      |       |       |   147 |   491 |   152 ||   790
       Reflection        |       |       |     6 |       |     1 ||     7

Table legend: (Time is in decaauts)
 A = Elapsed time spent in this place.
 B = Non-inter-level travel time spent in this place.
 C = Inter-level travel time spent in this place.
 D = Time resting spent in this place.
 E = Time spent auto-exploring this place.
 F = Levels seen in this place.
 G = Mean time per level.
                   A        B        C        D        E       F      G
               +--------+--------+--------+--------+--------+-----+--------+
         Total |  20357 |  19751 |    606 |   1667 |  15154 |  18 | 1130.9 |
       Dungeon |  16542 |  16015 |    527 |   1499 |  12080 |  14 | 1181.6 |
        Temple |    259 |    240 |     19 |      0 |    238 |   1 |  259.0 |
          Lair |   3555 |   3496 |     59 |    167 |   2835 |   3 | 1185.0 |
               +--------+--------+--------+--------+--------+-----+--------+

Top non-repeatable levels by time:
    D:13: 1909 daAuts
  Lair:1: 1818 daAuts
    D:10: 1737 daAuts
    D:12: 1521 daAuts
     D:3: 1512 daAuts
     D:6: 1381 daAuts
    D:11: 1381 daAuts
     D:7: 1294 daAuts
     D:4: 1229 daAuts
  Lair:2: 1143 daAuts
     D:9: 1117 daAuts
     D:8: 1061 daAuts
     D:2: 1035 daAuts
     D:5: 727 daAuts
     D:1: 627 daAuts
